 Dungeon Crawl Stone Soup version 0.19.1-1-g22dce08 (webtiles) character file.

6310 galech the Fighter (level 10, -8/103 (106) HPs)
             Began as an Ogre Fighter on Jan 19, 2017.
             Was a Priest of Makhleb.
             Mangled by a five-headed hydra (15 damage)
             ... on level 10 of the Dungeon.
             The game lasted 00:23:18 (9509 turns).

galech the Fighter (Ogre Fighter)                   Turns: 9509, Time: 00:23:19

HP:   -8/103 (106)  AC: 12    Str: 28    XL:     10   Next: 95%
MP:   10/10         EV: 13    Int:  7    God:    Makhleb [***...]
Gold: 578           SH:  4    Dex:  9    Spells: 0 memorised, 9 levels left

rFire  . . .     SeeInvis .     G - +0 giant club
rCold  . . .     Gourm    .     O - +0 troll leather armour
rNeg   . . .     Faith    .     (shield currently unavailable)
rPois  .         Spirit   .     (helmet restricted)
rElec  .         Reflect  +     E - +0 cloak
rCorr  .         Harm     .     (gloves unavailable)
MR     +....                    (boots unavailable)
Stlth  +.........               p - +4 amulet of reflection
                                N - +6 ring of protection
                                L - +2 ring of strength

@: no status effects
A: unfitting armour, frail 1, mutation resistance 1, tough skin 1, MP-powered
wands
a: Minor Destruction, Lesser Servant of Makhleb, Renounce Religion


You were on level 10 of the Dungeon.
You worshipped Makhleb.
Makhleb was most pleased with you.
You were not hungry.

You visited 1 branch of the dungeon, and saw 10 of its levels.

You collected 578 gold pieces.

Inventory:

Hand Weapons
 G - a +0 giant club (weapon)
 M - a +2 flail of protection
Armour
 b - a +0 robe
 c - a +0 shield
 E - a +0 cloak (worn)
 O - a +0 troll leather armour (worn)
Jewellery
 h - an uncursed ring of poison resistance
 p - a +4 amulet of reflection (around neck)
 s - an uncursed amulet of guardian spirit
 L - a +2 ring of strength (left hand)
 N - a +6 ring of protection (right hand)
 P - an uncursed amulet of magic regeneration
 Q - an uncursed amulet of regeneration
 T - an uncursed ring of protection from fire {unknown}
Wands
 m - a wand of lightning (5/15)
 u - a wand of acid (9/15)
 x - a wand of slowing (18/48)
 H - a wand of disintegration (7/24)
 R - a wand of confusion (14/48)
 S - a wand of confusion (26/48)
Scrolls
 g - 2 scrolls of amnesia
 i - 2 scrolls of random uselessness
 k - 7 scrolls of remove curse
 n - 5 scrolls of teleportation {unknown}
 o - a scroll of recharging
 r - 2 scrolls of fog
 t - a scroll of blinking {unknown}
 y - a scroll of immolation
 K - 2 scrolls of noise
Potions
 d - 2 potions of might
 e - 2 potions of curing
 j - 3 potions of mutation {unknown}
 l - 3 potions of lignification {unknown}
 q - a potion of heal wounds {unknown}
 w - a potion of brilliance {unknown}
 z - a potion of flight {unknown}
 A - 4 potions of degeneration {unknown}
 D - 2 potions of cancellation {unknown}
 F - a potion of agility {unknown}
Books
 I - a book of Maledictions

   Spells                             Type                      Level
   a - Corona                         Hexes                        1
   b - Ensorcelled Hibernation        Hexes/Ice                    2
   c - Confuse                        Hexes                        3
   d - Tukima's Dance                 Hexes                        3
   e - Dazzling Spray                 Conjuration/Hexes            3
Miscellaneous
 a - a sack of spiders
Comestibles
 f - 7 bread rations
 v - 10 chunks of flesh
 B - 4 meat rations
 C - 6 fruits
 J - 10 royal jellies


   Skills:
 + Level 12.6 Fighting
 + Level 12.0 Maces & Flails
 + Level 9.1 Dodging
 - Level 2.6 Shields


You had 9 spell levels left.
You didn't know any spells.

Dungeon Overview and Level Annotations

Branches:
Dungeon (10/15)            Temple (0/1) D:7            Lair (0/6) D:10
    Orc: D:9-12

Altars:
Dithmenos
Fedhas
Makhleb
Nemelex Xobeh
Okawaru
Xom
Yredelemnul
The Shining One

Annotations:
D:10 1 runed door


Innate Abilities, Weirdness & Mutations

You are too large for most types of armour.
You have tough skin. (AC +1)
You are frail. (-10% HP)
You are somewhat resistant to further mutation.
You expend magic power (3 MP) to strengthen your wands.


Message History

The five-headed hydra bites you.
* * * LOW HITPOINT WARNING * * *
The five-headed hydra bites you but does no damage.
You sock the five-headed hydra!
The five-headed hydra is severely wounded.
The five-headed hydra bites you but does no damage.
The five-headed hydra completely misses you.
The five-headed hydra bites you but does no damage. x2
The five-headed hydra bites you!
* * * LOW HITPOINT WARNING * * *
There is an open door here.
There is an open door here.
There is a stone staircase leading up here.
Found a dagger.
The five-headed hydra bites you!
* * * LOW HITPOINT WARNING * * *
The five-headed hydra closely misses you. x2
The five-headed hydra barely misses you.
The five-headed hydra bites you!
You die...

#########....# #..... #...
.......#..... #.....
.....<.#..... #..... ......#.....
.... +..... ).. #.....
#.#######+###########.....
#.......D.".........).....
#...#####@................ #...#
#...#............. #..<#
#...#............. #...#
#...#.......###..# +#######..)#
#...#.......# #..#
.'..'..#...#####...#.......###..#
.#..#..'...........#............#
########.........................
.....########################


You could see a five-headed hydra.

Vanquished Creatures
  3 hill giants (D:10)
  A komodo dragon (D:10)
  A troll (D:10)
  The ghost of dngmouse the Magician, a novice DEWz of Vehumet (D:4)
  Grinder (D:5)
  A hornet (D:8)
  Grum (D:8)
  A hungry ghost (D:7)
  Menkaure (D:5)
  2 soldier ants (D:8)
  A water moccasin (D:7)
  4 sky beasts
  A black bear (D:6)
  2 orc warriors
  2 phantoms
  An ogre (D:7)
  2 necrophages
  3 centaurs
  3 wolves (D:8)
  A crocodile (D:10)
  4 bullfrogs
  2 scorpions
  A howler monkey (D:6)
  5 crimson imps
  A bullfrog zombie (D:9)
  A quasit (D:8)
  4 hounds
  3 orc priests
  3 jellies
  An orc wizard (D:10)
  2 iguanas
  5 worker ants
  A hound zombie (D:5)
  4 gnolls (D:7)
  A worker ant zombie (D:4)
  9 adders
  3 shadow imps
  2 oozes
  An adder skeleton (D:6)
  An adder zombie (D:6)
  3 worms
  4 dart slugs
  5 leopard geckos
  18 orcs
  2 ball pythons (D:3)
  6 giant cockroaches
  6 goblins
  6 hobgoblins
  14 jackals
  4 quokkas
  6 bats
  4 frilled lizards
  A goblin skeleton (D:4)
  2 goblin zombies (D:4)
  4 hobgoblin zombies (D:4)
  A jackal skeleton (D:4)
  A jackal zombie (D:6)
  9 kobolds
  A kobold skeleton (D:4)
  A kobold zombie (D:4)
  An orc skeleton (D:4)
  2 orc zombies (D:4)
  A quokka skeleton (D:5)
  8 rats
  A plant (D:5)
198 creatures vanquished.

Vanquished Creatures (others)
  2 fungi (D:8)
2 creatures vanquished.

Grand Total: 200 creatures vanquished

Notes
Turn   | Place    | Note
-------+----------+-------------------------------------------
     0 | D:1      | galech the Ogre Fighter began the quest for the Orb.
     0 | D:1      | Reached XP level 1. HP: 24/24 MP: 1/1
   186 | D:1      | Reached XP level 2. HP: 30/32 MP: 2/2
   764 | D:2      | Reached XP level 3. HP: 40/40 MP: 3/3
   955 | D:2      | Reached skill level 5 in Fighting
   964 | D:2      | Found a shadowy altar of Dithmenos.
  1573 | D:2      | Reached XP level 4. HP: 32/50 MP: 4/4
  1728 | D:2      | Found a shimmering altar of Xom.
  1728 | D:2      | Found a shadowy altar of Dithmenos.
  2046 | D:3      | Found a faded altar of an unknown god.
  2094 | D:3      | Found a burning altar of Makhleb.
  2248 | D:3      | Reached XP level 5. HP: 50/57 MP: 5/5
  2860 | D:4      | Found a burning altar of Makhleb.
  2882 | D:4      | Became a worshipper of Makhleb the Destroyer
  3085 | D:4      | Noticed a phantom
  3125 | D:4      | Killed a phantom
  3125 | D:4      | Reached skill level 5 in Maces & Flails
  3125 | D:4      | Reached XP level 6. HP: 32/67 MP: 6/6
  3422 | D:4      | Found an iron altar of Okawaru.
  3447 | D:4      | Noticed dngmouse's ghost (novice DEWz)
  3471 | D:4      | Killed dngmouse's ghost
  3471 | D:4      | Reached XP level 7. HP: 69/76 MP: 7/7
  3539 | D:4      | Found a glowing golden altar of the Shining One.
  3794 | D:5      | Entered Level 5 of the Dungeon
  3794 | D:5      | Noticed Menkaure
  3798 | D:5      | Killed Menkaure
  3863 | D:5      | Reached skill level 5 in Dodging
  3896 | D:5      | Noticed Grinder
  3901 | D:5      | Paralysed by Grinder for 5 turns
  3920 | D:5      | Killed Grinder
  3920 | D:5      | Reached * piety under Makhleb
  3920 | D:5      | Reached XP level 8. HP: 30/88 MP: 8/8
  4437 | D:5      | Found a sparkling altar of Nemelex Xobeh.
  5357 | D:6      | Found a basalt altar of Yredelemnul.
  5589 | D:7      | Reached XP level 9. HP: 76/100 MP: 9/9
  5714 | D:7      | Found a staircase to the Ecumenical Temple.
  5728 | D:7      | Reached ** piety under Makhleb
  5836 | D:7      | Gained mutation: You are frail. (-10% HP) [mutagenic meat]
  5837 | D:7      | Gained mutation: You expend magic power (3 MP) to strengthen your wands. [mutagenic meat]
  5985 | D:7      | Reached skill level 10 in Fighting
  6392 | D:8      | Gained mutation: You are somewhat resistant to further mutation. [mutagenic meat]
  6402 | D:8      | Noticed Grum
  6410 | D:8      | Killed Grum
  6607 | D:8      | Reached skill level 10 in Maces & Flails
  6763 | D:8      | Found a blossoming altar of Fedhas.
  6831 | D:8      | Noticed a hornet
  6838 | D:8      | Killed a hornet
  6846 | D:8      | HP: 3/94 [soldier ant (3)]
  6849 | D:8      | Reached XP level 10. HP: 4/101 MP: 10/10
  8328 | D:10     | Entered Level 10 of the Dungeon
  8795 | D:10     | Reached *** piety under Makhleb
  8926 | D:10     | Noticed a hill giant
  8943 | D:10     | Killed a hill giant
  9180 | D:10     | Found a staircase to the Lair.
  9283 | D:10     | Noticed a hill giant
  9288 | D:10     | Killed a hill giant
  9385 | D:10     | Noticed a hill giant
  9394 | D:10     | Killed a hill giant
  9483 | D:10     | Found a runed door.
  9483 | D:10     | Noticed a five-headed hydra
  9493 | D:10     | HP: 5/103 [five-headed hydra (12)]
  9509 | D:10     | Mangled by a five-headed hydra

Skill      XL: |  1  2  3  4  5  6  7  8  9 10 |
---------------+-------------------------------+-----
Maces & Flails | 3 4 5 7 8 10 12 | 12.0
Dodging        | 3 4 5 6 7 9 |  9.1
Fighting       | 5 6 8 9 11 12 | 12.6
Shields        | |  2.6

Action                   |  1- 3 |  4- 6 |  7- 9 | 10-12 || total
-------------------------+-------+-------+-------+-------++-------
Melee: Flail             |   144 |   123 |       |       ||   267
       Mace              |       |    45 |   282 |       ||   327
       Giant club        |       |       |    89 |   125 ||   214
  Use: Scroll            |       |       |     6 |     2 ||     8
       Potion            |       |       |     1 |       ||     1
 Stab: Sleeping          |       |       |     1 |       ||     1
  Eat: Chunk             |     2 |     6 |    17 |    12 ||    37
       Pizza             |       |       |     1 |       ||     1
       Bread ration      |       |       |     1 |       ||     1
       Beef jerky        |       |       |       |     1 ||     1
Armor: Robe              |    63 |    38 |    87 |    21 ||   209
       Troll leather arm |       |       |       |    13 ||    13
Dodge: Dodged            |    68 |    35 |   122 |    68 ||   293
Block: Shield            |    99 |    92 |   153 |       ||   344
       Reflection        |       |     1 |       |     2 ||     3
       Other             |       |       |    12 |    21 ||    33
